 Dungeon Crawl Stone Soup version 0.29-a0-1047-g7c58e119a4 (webtiles) character file.

Game seed: 7296620447873847827

17 voltaire321 the Digger (level 2, 0/18 HPs)
             Began as an Octopode Earth Elementalist on Aug 16, 2022.
             Slain by a jackal (2 damage)
             ... on level 1 of the Dungeon.
             The game lasted 00:03:36 (537 turns).

voltaire321 the Digger (Octopode Earth Elementalist) Turns: 537, Time: 00:03:36

Health: 0/18       AC:  1    Str:  7    XL:     2   Next: 62%
Magic:  0/5        EV: 13    Int: 17    God:
Gold:   28         SH:  5    Dex: 12    Spells: 0/5 levels left

rFire   . . .      SeeInvis .   c - +0 short sword
rCold   . . .      Faith    .   f - +2 buckler
rNeg    . . .      Spirit   .   (helmet restricted)
rPois   .          Reflect  .   (no amulet)
rElec   .          Harm     .   (no ring)
rCorr   .          Rampage  .   (no ring)
Will    .....                   (no ring)
Stlth   +++.......              (no ring)
HPRegen 0.06/turn               (no ring)
MPRegen 0.09/turn               (no ring)
                                (no ring)
                                (no ring)

@: very slightly contaminated
A: almost no armour, amphibious, 8 rings, camouflage 1, gelatinous body 1,
(nimble swimmer 1), tentacles
a: no special abilities


You were on level 1 of the Dungeon.
You visited 1 branch of the dungeon, and saw 1 of its levels.

You collected 28 gold pieces.

Inventory:

Hand Weapons
 c - a +0 short sword (weapon)
Armour
 f - a +2 buckler (worn)
Scrolls
 d - a scroll of immolation {unknown}
 e - a scroll of identify {unknown}
Potions
 a - a potion of magic
 b - 2 potions of lignification {unknown}
 g - a potion of curing {unknown}
 h - a potion of haste {unknown}


   Skills:
 + Level 0.6 Fighting
 + Level 2.3 Dodging
 - Level 2.6 Stealth
 + Level 0.2 Shields
 + Level 2.1 Spellcasting
 + Level 0.1 Summonings
 + Level 1.3 Transmutations
 + Level 3.1 Earth Magic


You couldn't memorise any spells.
You knew the following spells:

 Your Spells              Type           Power      Damage    Failure   Level
a - Sandblast             Erth           24%        2d8       7%          1
b - Call Imp              Summ           2%         N/A       36%         2
c - Passwall              Tmut/Erth      7%         N/A       16%         2

Your spell library contained the following spells:

 Spells                   Type           Power      Damage    Failure   Level
 Magic Dart               Conj           4%         1d3       26%         1
 Stone Arrow              Conj/Erth      14%        3d7       38%         3
 Mephitic Cloud           Conj/Pois/Air  1%         N/A       61%         3
 Petrify                  Tmut/Erth      9%         N/A       71%         4
 Lehudib's Crystal Spear  Conj/Erth      3%         10d3      100%        8
 Animate Armour           Summ/Erth      Unusable   N/A       N/A         4

Dungeon Overview and Level Annotations

Branches:
Dungeon (1/15)

Altars:


Innate Abilities, Weirdness & Mutations

You cannot wear most types of armour.
You are amphibious.
You can wear up to eight rings at the same time.
Your skin changes colour to match your surroundings (Stealth+).
Your rubbery body absorbs attacks. (AC +1, EV +1)
((You are camouflaged when in or above water. (Stealth+)))
You have tentacles for arms and can constrict up to eight enemies at once.


Message History

You constrict the jackal. The jackal completely misses you.
You hit the jackal.
The jackal is heavily wounded.
You constrict the jackal. The jackal bites you.
* * * LOW HITPOINT WARNING * * *
You block the jackal's attack.
You hit the jackal but do no damage. You squeeze the jackal.
You kill the jackal!
The jackal barely misses you.
Your magical contamination has completely faded away.
You hit the jackal. You grab the jackal.
The jackal is heavily wounded.
You constrict the jackal. The jackal barely misses you.
You hit the jackal.
You kill the jackal!
The jackal bites you.
* * * LOW HITPOINT WARNING * * *
You hit the jackal but do no damage. Your grab misses the jackal.
Your squeeze misses the jackal. The jackal misses you.
You block the jackal's attack.
Casting: Sandblast (safe; 7% risk of failure)
Confirm with . or Enter, or press ? or * to list all spells.
Aiming: Sandblast (safe; 7% risk of failure)
Press: ? - help, Shift-Dir - straight line, f - jackal
Aim: a jackal (77% to hit)
You miscast Sandblast.
You are very lightly contaminated with residual magic.
Nothing appears to happen.
The jackal bites you but does no damage.
You hit the jackal but do no damage. Your grab misses the jackal.
The jackal closely misses you. The jackal bites you.
* * * LOW HITPOINT WARNING * * *
You closely miss the jackal. Your grab misses the jackal.
You squeeze the jackal, but do no damage.
The jackal closely misses you.
You barely miss the jackal. You grab the jackal.
You squeeze the jackal, but do no damage.
You constrict the jackal, but do no damage.
The jackal bites you.
You die...

.††....#.P...♣P....#..##
.......#...P♣.........#
†..........._.♣......##
.....>....♣..P......##
......#..PP...P....##
.....###.P..P......#
.##>####...........#
.#..##........#...##
...###........##@##
.............###h#
.##...#....#....J### #
#.......J...[..#
..###...#..........#
...?....#..........#
....†...##....######
........##....#
........##....#


You could see an endoplasm and a jackal.

Vanquished Creatures
  A ball python (D:1)
  2 bats (D:1)
  2 endoplasms (D:1)
  A goblin (D:1)
  A hobgoblin (D:1)
  3 jackals (D:1)
  A frilled lizard (D:1)
  2 kobolds (D:1)
  3 rats (D:1)
16 creatures vanquished.

Notes
Turn   | Place    | Note
-------+----------+-------------------------------------------
     0 | D:1      | voltaire321 the Octopode Earth Elementalist began the quest
                  | for the Orb.
     0 | D:1      | Reached XP level 1. HP: 11/11 MP: 3/3
   348 | D:1      | Found a faded altar of an unknown god.
   380 | D:1      | Reached XP level 2. HP: 18/18 MP: 5/5
   388 | D:1      | Learned a level 2 spell: Call Imp
   391 | D:1      | Learned a level 2 spell: Passwall
   537 | D:1      | Slain by a jackal

Illustrated notes

Levels and vault maps discovered:
D:1:      lemuel_arrival_tunnels, layout_rooms, dreamdust_ecumenical_altar_grove

Action                   || total
-------------------------++-------
Melee: Short sword       ||    14
       Unarmed           ||     3
       Constrict         ||     5
       Tentacles         ||     5
 Cast: Sandblast         ||    15
 Stab: Sleeping          ||     1
Armor: Skin              ||     3
Dodge: Dodged            ||    21
Block: Buckler           ||     6

Table legend: (Time is in decaauts)
 A = Elapsed time spent in this place.
 B = Non-inter-level travel time spent in this place.
 C = Inter-level travel time spent in this place.
 D = Time resting spent in this place.
 E = Time spent auto-exploring this place.
 F = Levels seen in this place.
 G = Mean time per level.
                   A        B        C        D        E       F      G
               +--------+--------+--------+--------+--------+-----+--------+
         Total |    545 |    545 |      0 |    174 |    229 |   1 |  545.0 |
       Dungeon |    545 |    545 |      0 |    174 |    229 |   1 |  545.0 |
               +--------+--------+--------+--------+--------+-----+--------+

Top non-repeatable levels by time:
     D:1: 545 daAuts
